[Event "Team 45 45 League T51"]
[Site "Internet Chess Club"]
[Date "2011.12.08"]
[Round "5"]
[White "nursey"]
[Black "Frankly"]
[Result "1-0"]
[WhiteElo "1588"]
[BlackElo "1751"]
[Opening "Sicilian: dragon, classical attack"]
[ECO "B72"]
[Time "13:32:40"]
[TimeControl "2700+45"]

1. e4 c5 2. Nf3 d6 3. d4 cxd4 4. Nxd4 Nf6 5. Nc3 g6 6. Be2 Bg7 7. Be3 O-O 8. Nb3
Be6 9. O-O Nc6 10. Nd4 Nxd4 11. Bxd4 Qa5 12. a3 Rac8 13. f4 Bc4 14. Bxc4 Rxc4
15. b4 Qc7 16. Nb5 Qc6 17. Nxa7 Qxe4 18. c3 e5 19. fxe5 dxe5 20. Re1 Qh4 21. g3
Qh3 22. Rxe5 Ng4 23. Re2 Rd8 24. Nb5 Qh5 25. a4 Ne5 26. Re3 Ng4 27. Re2 Bxd4+
28. Nxd4 Rxc3 29. Qd2 Rc4 30. Nf5 Rcc8 31. Ne7+ Kf8 32. Qb2 f6 33. Nxc8 Rxc8 34.
Rae1 Ne5 35. Rd1 Re8 36. Rd6 Qf5 37. Rf2 Nf3+ 38. Rxf3 Re1+ 39. Kg2 {Black
resigns} 1-0

[Event "Team 45 45 League T51"]
[Site "Internet Chess Club"]
[Date "2011.12.20"]
[Round "5"]
[White "chess-fan"]
[Black "rcddonovan"]
[Result "0-1"]
[WhiteElo "1614"]
[BlackElo "1351"]
[Opening "Ruy Lopez: closed defense"]
[ECO "C84"]
[Time "18:00:10"]
[TimeControl "2700+45"]

1. e4 e5 2. Nf3 Nc6 3. Bb5 a6 4. Ba4 Nf6 5. O-O Be7 6. Nc3 b5 7. Bb3 d6 8. d4
exd4 9. Nxd4 Nxd4 10. Qxd4 c5 11. Qd3 c4 12. Bxc4 bxc4 13. Qxc4 Bd7 14. Be3 O-O
15. Rad1 Qc8 16. Qxc8 Rfxc8 17. Bg5 Rc5 18. Bxf6 gxf6 19. Rd5 Bc6 20. Rxc5 dxc5
21. f4 Rd8 22. e5 Rd2 23. Rf2 Rxf2 24. Kxf2 h5 25. g3 Kg7 26. b3 Kg6 27. Na4
Bxa4 28. bxa4 Kf5 29. exf6 Bxf6 30. Kf3 Bd4 31. c4 Bf6 32. h3 Ke6 33. Ke4 Bd4
34. g4 hxg4 35. hxg4 f6 36. g5 f5+ 37. Kf3 Kd6 38. Kg3 Ke6 39. Kh4 Be3 40. Kh5
Bxf4 41. g6 Be5 42. Kh6 f4 43. g7 Bxg7+ 44. Kxg7 f3 45. Kg6 f2 46. Kg5 f1=Q
{White resigns} 0-1

[Event "Team 45 45 League T51"]
[Site "Internet Chess Club"]
[Date "2011.12.10"]
[Round "5"]
[White "kingsrook"]
[Black "hi12980"]
[Result "0-1"]
[WhiteElo "1320"]
[BlackElo "1497"]
[Opening "King's Indian: London system"]
[ECO "A48"]
[Time "17:00:28"]
[TimeControl "2700+45"]

1. d4 Nf6 2. Nf3 g6 3. Bf4 Bg7 4. h3 O-O 5. e3 d6 6. Bd3 Nc6 7. a3 Bd7 8. c4 e6
9. Nc3 d5 10. c5 Nh5 11. Bh2 Re8 12. Ne5 Nxe5 13. dxe5 Qg5 14. Qg4 Qe7 15. Qb4
f6 16. exf6 Nxf6 17. Bxc7 Bc6 18. Bd6 Qd7 19. O-O a5 20. Qf4 Nh5 21. Qh2 e5 22.
Be2 Nf6 23. Bxe5 Qf5 24. Bd6 Red8 25. Rfd1 Ne8 26. Bg4 Qf7 27. Be5 Nf6 28. Bf3
Qe6 29. Rd2 Ne4 30. Nxe4 dxe4 31. Bg4 Qxe5 32. Qxe5 Bxe5 33. Rc2 Ba4 34. Rc4 Bb5
35. Rxe4 Re8 36. a4 Bd3 37. Rxe5 Rxe5 38. Rc1 h5 39. Bf3 Be4 40. Be2 Rc8 41.
Bc4+ Kg7 42. f3 Bf5 43. e4 Rexc5 44. b3 Be6 45. Rd1 Bxc4 46. Rd7+ Kh6 47. bxc4
Rxc4 48. Rxb7 Rxa4 49. Kh2 Ra8 50. h4 Rc4 51. Rb2 a4 52. Kh3 a3 53. Ra2 Rb4 54.
g4 Rb2 55. g5+ Kh7 56. Ra1 a2 57. Rd1 Rb1 58. Rd7+ Kh8 59. Kg3 a1=Q 60. Rd6 Qe5+
{White resigns} 0-1

[Event "Team 45 45 League T51"]
[Site "Internet Chess Club"]
[Date "2011.12.07"]
[Round "5"]
[White "kingsleywang"]
[Black "Aquaman"]
[Result "1-0"]
[WhiteElo "1451"]
[BlackElo "1237"]
[Opening "Sicilian: Hungarian variation"]
[ECO "B34"]
[Time "21:00:44"]
[TimeControl "2700+45"]

1. e4 c5 2. Nf3 g6 3. Nc3 Bg7 4. d4 cxd4 5. Nxd4 Nc6 6. Be3 Qb6 7. Nxc6 Qxc6 8.
Qd2 e6 9. Bd3 Ne7 10. O-O d5 11. exd5 Bxc3 12. bxc3 Nxd5 13. Bd4 O-O 14. Qh6 f6
15. c4 Ne7 16. Rfe1 Qe8 17. Re3 Qf7 18. Rf3 Qg7 19. Qh4 e5 20. Bc3 Nc6 21. Bd2
g5 22. Qe4 Be6 23. Rg3 h6 24. f4 f5 25. Qe1 e4 26. Be2 Qh7 27. fxg5 hxg5 28.
Rxg5+ Kf7 29. Qg3 Rg8 30. Qc7+ Ne7 31. Bh5+ Kf8 32. Qe5 Rxg5 33. Qf6+ Bf7 34.
Bxf7 Rg7 35. Bh6 Nc6 36. Bg6+ {Black resigns} 1-0

[Event "Team 45 45 League T51"]
[Site "Internet Chess Club"]
[Date "2011.12.11"]
[Round "5"]
[White "rook9999"]
[Black "BrianWood"]
[Result "1/2-1/2"]
[WhiteElo "1871"]
[BlackElo "1508"]
[Opening "French: Winawer, fingerslip variation"]
[ECO "C15"]
[Time "17:02:39"]
[TimeControl "2700+45"]

1. e4 e6 2. d4 d5 3. Nc3 Bb4 4. Bd2 dxe4 5. Qg4 Nf6 6. Qxg7 Rg8 7. Qh6 Nc6 8.
Nge2 Nxd4 9. O-O-O Nf5 10. Qf4 Bd6 11. Be3 Rg4 12. Nb5 Rxf4 13. Nxd6+ Nxd6 14.
Bxf4 Qe7 15. Nc3 Bd7 16. Bb5 O-O-O 17. Bxd7+ Rxd7 18. Rd2 Nc4 19. Rxd7 Kxd7 20.
Rd1+ Kc8 21. Nb5 Nd5 22. Bg3 Nxb2 23. Rd4 Qc5 {Game drawn by mutual agreement}
1/2-1/2

[Event "Team 45 45 League T51"]
[Site "Internet Chess Club"]
[Date "2011.12.12"]
[Round "5"]
[White "oldsj"]
[Black "Mymas"]
[Result "0-1"]
[WhiteElo "1450"]
[BlackElo "1486"]
[Opening "Sicilian: dragon, Yugoslav attack, Rauser variation"]
[ECO "B76"]
[Time "17:01:04"]
[TimeControl "2700+45"]

1. e4 c5 2. Nf3 d6 3. d4 cxd4 4. Nxd4 Nf6 5. Nc3 g6 6. f3 Bg7 7. Be3 O-O 8. Qd2
Nc6 9. O-O-O a6 10. g4 Bd7 11. h4 Nxd4 12. Bxd4 h5 13. gxh5 Nxh5 14. Bxg7 Kxg7
15. Bc4 Rc8 16. Bb3 Qa5 17. Rdg1 Rh8 18. Qd4+ Qe5 19. Qxe5+ dxe5 20. Nd5 e6 21.
Nb6 Rc7 22. Rg5 Bb5 23. c3 Nf4 24. Bc2 f6 25. Rg4 Be2 26. Bd1 Nd3+ 27. Kd2 Bxd1
28. Kxd3 Bxf3 29. Rgg1 Bxh1 30. Rxh1 Rd8+ 31. Ke2 Rc6 32. Na4 b5 33. Rg1 bxa4
34. h5 g5 35. Rh1 Kh6 36. Kf3 Rg8 37. Kg4 Rc4 38. Re1 f5+ 39. Kg3 Rxe4 40. Rd1
Kxh5 41. Rd6 g4 42. Rxe6 f4+ 43. Kf2 g3+ 44. Kf3 Re3+ 45. Kg2 f3+ 46. Kh3 g2
{White resigns} 0-1

[Event "Team 45 45 League T51"]
[Site "Internet Chess Club"]
[Date "2011.12.11"]
[Round "5"]
[White "ausya"]
[Black "stan-beers"]
[Result "1-0"]
[WhiteElo "1545"]
[BlackElo "1481"]
[Opening "King's pawn opening"]
[ECO "B07"]
[Time "20:00:21"]
[TimeControl "2700+45"]

1. e4 d6 2. d4 Bd7 3. Nf3 Bg4 4. Bc4 h6 5. O-O Nd7 6. h3 Bh5 7. Nc3 e5 8. d5
Ngf6 9. Qe2 Be7 10. Be3 c6 11. dxc6 bxc6 12. Rad1 Qc7 13. Rfe1 g5 14. g4 Bg6 15.
Bd3 Nf8 16. Nh2 Ne6 17. Kg2 Qa5 18. Qf3 O-O 19. Rh1 Rac8 20. Nf1 Nf4+ 21. Bxf4
exf4 22. Nd2 Nd7 23. Nc4 Qc7 24. h4 Ra8 25. Rh2 Ne5 26. Nxe5 dxe5 27. hxg5 Bxg5
28. Rdh1 Kg7 29. Rh3 Rab8 30. b3 Qa5 31. Bc4 Rbd8 32. Qe2 Rd4 33. Rd1 Rfd8 34.
Rhd3 Qb6 35. Na4 Qb8 36. Rxd4 Rxd4 37. Rxd4 exd4 38. e5 Qe8 39. e6 fxe6 40. Qe5+
Bf6 41. Qxf4 e5 42. Qd2 c5 43. f3 e4 44. Bd5 exf3+ 45. Bxf3 Be4 46. Nxc5 Bxf3+
47. Kxf3 Qc6+ 48. Ne4 Qb7 49. Qf4 Bg5 50. Qe5+ Bf6 51. Qxf6+ Kg8 52. Qxh6 Qf7+
53. Nf6+ {Black resigns} 1-0

[Event "Team 45 45 League T51"]
[Site "Internet Chess Club"]
[Date "2011.12.11"]
[Round "5"]
[White "Fogbound"]
[Black "cazj"]
[Result "1-0"]
[WhiteElo "1339"]
[BlackElo "1339"]
[Opening "Trompowsky attack (Ruth, Opocenský opening)"]
[ECO "A45"]
[Time "14:00:28"]
[TimeControl "2700+45"]

1. d4 Nf6 2. Bg5 d5 3. Bxf6 exf6 4. e3 Nc6 5. c3 f5 6. Bd3 Bd6 7. Ne2 Qg5 8. Nd2
Qxg2 9. Rg1 Qxh2 10. Nf3 Qh6 11. Qb3 Ne7 12. O-O-O O-O 13. Kb1 Re8 14. Rh1 Qf6
15. Rdg1 h6 16. Rxg7+ Qxg7 17. Rg1 Qg6 18. Rxg6+ fxg6 19. c4 c6 20. Ne5 Kg7 21.
c5 Bc7 22. Nf4 h5 23. Qd1 Rh8 24. Qg1 Bxe5 25. dxe5 Rh6 26. Qg5 Ng8 27. Qd8 Rh8
28. Qc7+ Kh6 29. Qf7 Ne7 30. Qxe7 Rg8 31. Nh3 b6 32. Qg5+ Kh7 33. Qe7+ Rg7 34.
Ng5+ Kh6 35. Qf6 Bd7 36. e6 Be8 37. Nf7+ Kh7 38. Nd6 Rg8 39. Nf7 Rg7 40. Bxf5
bxc5 41. Bc2 Bxf7 42. exf7 Rf8 43. Qe6 Rfxf7 44. Bxg6+ Kg8 45. Bxf7+ Rxf7 46.
Qe8+ Kg7 47. Qxc6 Rxf2 48. Qc7+ Kg6 49. Qg3+ {Black resigns} 1-0

[Event "Team 45 45 League T51"]
[Site "Internet Chess Club"]
[Date "2011.12.08"]
[Round "5"]
[White "Killian"]
[Black "quotha"]
[Result "1-0"]
[WhiteElo "2024"]
[BlackElo "1772"]
[Opening "Center game: Paulsen attack"]
[ECO "C22"]
[Time "15:00:23"]
[TimeControl "2700+45"]

1. e4 e5 2. d4 exd4 3. Qxd4 Nc6 4. Qe3 b6 5. Nc3 Bc5 6. Qg3 Nf6 7. Bg5 Be7 8.
Nf3 Nh5 9. Bxe7 Qxe7 10. Qxc7 O-O 11. Rd1 Qb4 12. Rb1 Nd4 13. Nxd4 Qxd4 14. Bd3
Qf6 15. Nd5 Qg5 16. O-O Nf6 17. Nxf6+ Qxf6 18. e5 Qf4 19. Rfe1 Qb4 20. Be4
{Black resigns} 1-0

[Event "Team 45 45 League T51"]
[Site "Internet Chess Club"]
[Date "2011.12.18"]
[Round "5"]
[White "Hapa-Haole"]
[Black "ILRE"]
[Result "0-1"]
[WhiteElo "1626"]
[BlackElo "1688"]
[Opening "QGD semi-Slav: 5...Nd7"]
[ECO "D45"]
[Time "12:27:19"]
[TimeControl "2700+45"]

1. d4 d5 2. Nf3 Nf6 3. c4 c6 4. Nc3 e6 5. e3 Nbd7 6. a3 dxc4 7. Bxc4 b5 8. Bd3
Bb7 9. b4 Be7 10. Bb2 a5 11. Na2 O-O 12. O-O Nd5 13. Qd2 axb4 14. e4 bxa3 15.
exd5 axb2 16. Qxb2 exd5 17. Nb4 Qb6 18. Rfc1 Rxa1 19. Rxa1 Bf6 20. Bf5 Nb8 21.
Rb1 Bc8 22. Bd3 Be6 23. Nc2 Rc8 24. Qb4 Na6 25. Qd2 Qd8 26. Be2 Nc7 27. Nb4 Bd7
28. Rc1 Ne6 29. Qd1 Qa5 30. Qd2 Qd8 31. Qd1 Qa5 32. Qd2 h6 33. Nxd5 Qxd2 34.
Nxf6+ gxf6 35. Nxd2 Nxd4 36. Bd3 c5 37. Ne4 Kg7 38. Rxc5 Rxc5 39. Nxc5 Bc6 40.
Kf1 Kf8 41. Na6 Ke7 42. Nb4 Be8 43. Ke1 Kd6 44. Kd2 Kc5 45. Kc3 Ne6 46. Na6+ Kb6
47. Nb4 Nc7 48. g4 Kc5 49. Be2 Nd5+ 50. Nxd5 Kxd5 51. Kb4 Ke5 52. h4 Kf4 53. h5
Bd7 54. f3 Bc6 {White resigns} 0-1

[Event "Team 45 45 League T51"]
[Site "Internet Chess Club"]
[Date "2011.12.12"]
[Round "5"]
[White "Helaman"]
[Black "dschesq"]
[Result "1/2-1/2"]
[WhiteElo "1520"]
[BlackElo "1684"]
[Opening "Sicilian: Kan, Polugaievsky variation"]
[ECO "B42"]
[Time "19:00:28"]
[TimeControl "2700+45"]

1. e4 c5 2. Nf3 e6 3. d4 cxd4 4. Nxd4 a6 5. Bd3 Bc5 6. Nb3 Be7 7. Qg4 g6 8. Qe2
d6 9. O-O Nd7 10. a4 b6 11. Na3 Bb7 12. Nc4 Ngf6 13. Bh6 Nxe4 14. Bg7 Rg8 15.
Bd4 Ndc5 16. a5 bxa5 17. Nbxa5 Bd5 18. b4 Nxd3 19. cxd3 Nf6 20. Nb6 e5 21. Nxa8
Qxa8 22. Bb2 Bxg2 23. Rfc1 Bh1 24. f4 Bf3 25. Qe3 Ng4 26. Qb6 Bh4 27. Rc2 Bd8
28. Qxd6 Be7 29. Qc7 Bd8 30. Qd6 Be7 31. Qb6 Bd8 32. Qd6 Be7 {Game drawn by
repetition} 1/2-1/2

[Event "Team 45 45 League T51"]
[Site "Internet Chess Club"]
[Date "2011.12.13"]
[Round "5"]
[White "rookmaster23"]
[Black "BrandonBee"]
[Result "0-1"]
[WhiteElo "1537"]
[BlackElo "1590"]
[Opening "Dutch defense"]
[ECO "A87"]
[Time "16:30:11"]
[TimeControl "2700+45"]

1. d4 f5 2. g3 Nf6 3. Bg2 g6 4. Nf3 Bg7 5. O-O O-O 6. c4 c6 7. b3 Na6 8. Ba3 d6
9. Nbd2 Nc7 10. e3 Re8 11. Rc1 e5 12. dxe5 dxe5 13. Bb2 Nd7 14. b4 Ne6 15. Nb3
e4 16. Bxg7 exf3 17. Bb2 fxg2 18. Kxg2 Qc7 19. Nd4 Nxd4 20. Qxd4 Qe5 21. Qd2
Qe4+ 22. Kg1 Ne5 23. Qc3 Nf3+ 24. Kh1 Re5 25. Qb3 Nd2+ 26. f3 Nxf3 27. c5+ Be6
28. Qc2 Nd2+ 29. Kg1 Qxe3+ 30. Kg2 Bd5+ 31. Kh3 Qh6# {White checkmated} 0-1

[Event "Team 45 45 League T51"]
[Site "Internet Chess Club"]
[Date "2011.12.11"]
[Round "5"]
[White "crazyhorses"]
[Black "mitus"]
[Result "0-1"]
[WhiteElo "1521"]
[BlackElo "1800"]
[Opening "Bird's opening"]
[ECO "A03"]
[Time "13:06:24"]
[TimeControl "2700+45"]

1. f4 d5 2. Nf3 Nf6 3. e3 e6 4. c4 Be7 5. d4 c5 6. Bd3 O-O 7. Qc2 b6 8. O-O Bb7
9. b3 Nc6 10. Bb2 Nb4 11. Qe2 Nxd3 12. Qxd3 dxc4 13. bxc4 Ne4 14. Nbd2 Nxd2 15.
Nxd2 Bf6 16. Ne4 Qe7 17. Rad1 Rad8 18. Nxf6+ Qxf6 19. Qc2 Qh4 20. e4 f5 21. dxc5
Bxe4 22. Qe2 bxc5 23. Ba3 Qe7 24. Qe3 Rc8 25. Rd2 Qc7 26. Rfd1 Rfd8 27. Rxd8+
Rxd8 28. Rxd8+ Qxd8 29. h3 Qd1+ 30. Kf2 Qc2+ 31. Qe2 Qxe2+ 32. Kxe2 Bxg2 33.
Bxc5 a6 34. h4 Kf7 35. Ke3 Bf1 36. Kd4 Kf6 37. Bd6 h6 38. a4 g5 39. hxg5+ hxg5
40. fxg5+ Kxg5 41. c5 Bg2 42. Ke3 a5 43. Bc7 Bc6 44. Bxa5 f4+ 45. Kf2 Bxa4 46.
Bc3 Kf5 47. Bg7 e5 48. Bh6 e4 49. Bg7 e3+ 50. Ke2 Ke4 51. Bh6 f3+ 52. Kf1 Bb5+
53. Ke1 f2+ {White resigns} 0-1

[Event "Team 45 45 League T51"]
[Site "Internet Chess Club"]
[Date "2011.12.12"]
[Round "5"]
[White "clarinetref"]
[Black "Theodulf"]
[Result "1-0"]
[WhiteElo "1644"]
[BlackElo "1661"]
[Opening "Petrov: Nimzovich attack"]
[ECO "C42"]
[Time "21:03:14"]
[TimeControl "2700+45"]

1. e4 e5 2. Nf3 Nf6 3. Nxe5 d6 4. Nf3 Nxe4 5. Nc3 Nxc3 6. dxc3 Be7 7. Be3 O-O 8.
Qd2 Nc6 9. h3 Bf5 10. O-O-O Ne5 11. Nd4 Bd7 12. f4 Nc6 13. Nf3 Re8 14. Bd3 Qc8
15. g4 Nd8 16. Nd4 c5 17. Nf5 Bc6 18. Rhf1 Bf8 19. Rde1 d5 20. Qf2 b6 21. Qh4 g6
22. Nh6+ Bxh6 23. Qxh6 c4 24. Bd4 f6 25. Bxf6 Qc7 26. Bxg6 Rxe1+ 27. Rxe1 Ne6
28. Rxe6 {Black resigns} 1-0

[Event "Team 45 45 League T51"]
[Site "Internet Chess Club"]
[Date "2011.12.10"]
[Round "5"]
[White "kwameh72"]
[Black "tryanything"]
[Result "1/2-1/2"]
[WhiteElo "1707"]
[BlackElo "1589"]
[Opening "Queen's bishop game"]
[ECO "D02"]
[Time "18:01:05"]
[TimeControl "2700+45"]

1. Nf3 d5 2. d4 Nf6 3. Bf4 e6 4. Nbd2 c5 5. c3 Nc6 6. e3 cxd4 7. exd4 Bd6 8. Bg3
Bxg3 9. hxg3 a6 10. Bd3 h6 11. Qe2 b5 12. Ne5 Qc7 13. f4 Nxe5 14. fxe5 Nh7 15.
Qg4 Ng5 16. Nf3 Nxf3+ 17. gxf3 g6 18. Qf4 Qe7 19. Rxh6 Rxh6 20. Qxh6 Bb7 21. Ke2
O-O-O 22. Qh4 Qxh4 23. gxh4 Rh8 24. Rh1 Kd7 25. Ke3 Ke7 26. Kf4 Kf8 27. Kg4 Kg7
28. h5 Rxh5 29. Rxh5 gxh5+ 30. Kxh5 f5 31. Kg5 Kf7 32. b3 Ke7 33. f4 Bc8 34. b4
Bb7 35. a3 Bc8 36. Bc2 Bd7 37. Kg6 Be8+ 38. Kg7 Bd7 39. Bd1 Be8 40. Bf3 Bd7 41.
Bh5 Bc6 42. Bg6 Bd7 43. Kh6 Kf8 44. Bh7 Kf7 45. Kg5 Ke7 46. Bg6 Bc8 47. Bh5 Bd7
48. Bd1 Kf7 {Game drawn by mutual agreement} 1/2-1/2

[Event "Team 45 45 League T51"]
[Site "Internet Chess Club"]
[Date "2011.12.13"]
[Round "5"]
[White "PostMike"]
[Black "ElmerHo"]
[Result "1-0"]
[WhiteElo "1424"]
[BlackElo "1528"]
[Opening "two knights defense: Fritz variation"]
[ECO "C57"]
[Time "16:30:14"]
[TimeControl "2700+45"]

1. e4 e5 2. Nf3 Nc6 3. Bc4 Nf6 4. Ng5 d5 5. exd5 Nd4 6. d6 Qxd6 7. Bxf7+ Ke7 8.
Bb3 Nxb3 9. axb3 h6 10. Nf3 e4 11. Ng1 Kf7 12. Ne2 Bg4 13. O-O Qb6 14. c4 Rd8
15. Nbc3 Bb4 16. Qc2 Rhe8 17. Ng3 Bxc3 18. dxc3 a6 19. Be3 Qe6 20. h3 Bf5 21.
Nxf5 Qxf5 22. Rad1 Rd3 23. Rxd3 exd3 24. Qd2 Rd8 25. Rd1 c5 26. f3 b5 27. Ra1
Qc8 28. cxb5 axb5 29. Qf2 c4 30. bxc4 bxc4 31. Ra4 Nd5 32. Bd2 Re8 33. Qd4 Qe6
34. Rxc4 Ne3 35. Rc7+ Kg6 36. Qxd3+ Kh5 37. Qxe3 Qxe3+ 38. Bxe3 Rxe3 39. Kf2 Rd3
40. Ke2 Rd6 41. Rxg7 Re6+ 42. Kd2 Rd6+ 43. Kc2 Re6 44. Kb3 Rb6+ 45. Kc2 Re6 46.
b4 {Black resigns} 1-0

[Event "Team 45 45 League T51"]
[Site "Internet Chess Club"]
[Date "2011.12.10"]
[Round "5"]
[White "chess9793"]
[Black "Paulkov"]
[Result "0-1"]
[WhiteElo "2143"]
[BlackElo "2294"]
[Opening "Pirc: Austrian attack, 6.Bd3"]
[ECO "B09"]
[Time "19:01:32"]
[TimeControl "2700+45"]

1. e4 d6 2. d4 Nf6 3. Nc3 g6 4. f4 Bg7 5. Nf3 O-O 6. Bd3 Na6 7. O-O c5 8. d5 Rb8
9. a4 Bg4 10. h3 Bxf3 11. Rxf3 Nb4 12. Bc4 Qa5 13. Be3 Nd7 14. Kh2 a6 15. Bf1
Rbc8 16. Rf2 Rfe8 17. Qd2 Qc7 18. a5 Nf6 19. g3 e6 20. Bg2 exd5 21. exd5 Nxc2
22. Qxc2 Rxe3 23. Qd2 Rce8 24. Na4 Qe7 25. Nb6 Re2 26. Rxe2 Qxe2 27. Rd1 Qxd2
28. Rxd2 Kf8 29. Nc4 Ke7 30. Re2+ Kd7 31. Rxe8 Nxe8 32. Nb6+ Kc7 33. Nc4 Nf6 34.
Kg1 Nd7 35. Kf2 b5 36. axb6+ Nxb6 37. Nxb6 Kxb6 38. b3 Kb5 39. Bf1+ Kb4 40. Bxa6
Kxb3 41. Ke2 c4 42. Kd1 f5 43. Kc1 h5 44. Bb5 Bd4 45. Kd1 Bf2 46. Ke2 Bxg3 47.
Kf3 h4 {White resigns} 0-1

[Event "Team 45 45 League T51"]
[Site "Internet Chess Club"]
[Date "2011.12.11"]
[Round "5"]
[White "cesaralexander"]
[Black "wilson97"]
[Result "1/2-1/2"]
[WhiteElo "1891"]
[BlackElo "1893"]
[Opening "King's Indian: Four pawns attack, dynamic line"]
[ECO "E76"]
[Time "22:12:07"]
[TimeControl "2700+45"]

1. d4 Nf6 2. c4 g6 3. Nc3 Bg7 4. e4 d6 5. f4 O-O 6. Nf3 c5 7. d5 e6 8. dxe6 fxe6
9. Bd3 Nc6 10. O-O a6 11. a4 b6 12. Kh1 Ra7 13. Ng5 Re7 14. f5 h6 15. Nh3 exf5
16. exf5 Bxf5 17. Bxf5 gxf5 18. Nd5 Re5 19. Bf4 Re6 20. Nxf6+ Rfxf6 21. Qd5 Nb4
22. Qf3 Nc2 23. Rad1 Nd4 24. Qd5 Kh8 25. Bg3 Qe8 26. Nf4 Re5 27. Qb7 Ne2 28.
Nxe2 Rxe2 29. Rxd6 Rxb2 30. Rd7 Qe2 31. Re1 Qg4 32. Be5 Re2 33. Qb8+ Kh7 34.
Rxg7+ Kxg7 35. Bxf6+ Kxf6 36. Qf8+ Kg6 37. Qg8+ Kf6 38. Qf8+ Kg6 39. Qg8+ Kf6
40. Qd8+ Kg7 41. Qd7+ Kg6 42. Qc6+ Kg5 43. Rxe2 Qxe2 44. h4+ Kh5 45. Qc8 Qe1+
46. Kh2 Qxh4+ 47. Kg1 Qe1+ 48. Kh2 Qh4+ 49. Kg1 Qd4+ 50. Kh2 Qf4+ 51. Kg1 a5 52.
Qe8+ Kh4 53. Qe1+ Kg5 54. Qe7+ Kg4 55. Qe2+ Kh4 56. Qe1+ Qg3 57. Qe7+ Kh5 58.
Qe8+ Qg6 59. Qe2+ Qg4 60. Qe8+ Kh4 61. Qe1+ Kg5 62. Qe7+ Kf4 63. Qd6+ Ke4 64.
Qxb6 Qd1+ 65. Kh2 Qxa4 66. Qxc5 Qb4 67. Qd5+ Kf4 68. c5 Qe1 {Game drawn by
mutual agreement} 1/2-1/2

[Event "Team 45 45 League T51"]
[Site "Internet Chess Club"]
[Date "2011.12.11"]
[Round "5"]
[White "e4master"]
[Black "futureGM"]
[Result "1/2-1/2"]
[WhiteElo "1750"]
[BlackElo "1901"]
[Opening "Two knights defense (Modern bishop's opening)"]
[ECO "C55"]
[Time "16:03:07"]
[TimeControl "2700+45"]

1. e4 e5 2. Nf3 Nc6 3. Bc4 Nf6 4. d3 h6 5. Nc3 Bc5 6. Be3 d6 7. Qe2 Bg4 8. O-O-O
Bd4 9. h3 Bh5 10. g4 Bg6 11. Rdg1 Qe7 12. h4 O-O-O 13. h5 Bh7 14. Nh4 Bxc3 15.
bxc3 d5 16. exd5 Qa3+ 17. Kd2 Nxd5 18. Bxd5 Rxd5 19. f4 e4 20. d4 Na5 21. Ng2
Qxa2 22. Kd1 Nc4 23. Bc1 Rhd8 24. Ne3 Nxe3+ 25. Bxe3 Qa1+ 26. Kd2 Qa5 27. Qc4 c5
28. Ra1 Qc7 29. Rxa7 cxd4 30. Qxc7+ Kxc7 31. cxd4 Rb5 32. f5 f6 33. Rha1 Bg8 34.
R1a5 Bc4 35. Rxb5 Bxb5 36. Ra3 Bf1 37. Bf4+ Kb6 38. Ke3 Bh3 39. Kxe4 Bxg4 40.
Rg3 Re8+ 41. Kd5 Bxf5 42. Rxg7 Bxc2 43. Bxh6 Rh8 44. Bf4 Rxh5+ 45. Ke6 Ka6 46.
Bd6 f5 47. d5 Bb3 48. Be5 Rh6+ 49. Kxf5 Bxd5 50. Rg6+ Rxg6 51. Kxg6 b5 52. Bc3
Kb6 53. Bb4 Be4+ 54. Kf6 Kc6 55. Ke5 Bf3 56. Kd4 Bg2 57. Bf8 {Game drawn by
mutual agreement} 1/2-1/2

[Event "Team 45 45 League T51"]
[Site "Internet Chess Club"]
[Date "2011.12.09"]
[Round "5"]
[White "Stryker672"]
[Black "cysk"]
[Result "1/2-1/2"]
[WhiteElo "1983"]
[BlackElo "1737"]
[Opening "Scandinavian: Pytel-Wade variation"]
[ECO "B01"]
[Time "22:12:57"]
[TimeControl "2700+45"]

1. e4 d5 2. exd5 Qxd5 3. Nc3 Qd6 4. d4 Nf6 5. Nf3 a6 6. g3 Bg4 7. Bg2 c6 8. Bf4
Qd8 9. O-O e6 10. Qd2 Bb4 11. Ne5 Bf5 12. Rfe1 O-O 13. a3 Be7 14. Rad1 Nbd7 15.
Nc4 Nb6 16. Ne5 Nbd5 17. Nxd5 Nxd5 18. c4 Nxf4 19. Qxf4 Bg5 20. Qf3 Bc2 21. Ra1
Bd2 22. Rf1 Qxd4 23. Qe2 Rad8 24. Nf3 Qd3 25. Qxd3 Bxd3 26. Nxd2 Bxf1 27. Nxf1
Rd4 28. Ne3 Rfd8 29. b4 f5 30. Bf1 f4 31. gxf4 Rxf4 32. Ra2 Kf7 33. Rb2 Ke7 34.
b5 axb5 35. cxb5 c5 36. h3 Rfd4 37. Nc4 {Game drawn by mutual agreement} 1/2-1/2

[Event "Team 45 45 League T51"]
[Site "Internet Chess Club"]
[Date "2011.12.09"]
[Round "5"]
[White "Eyechess"]
[Black "Holzschlange"]
[Result "1-0"]
[WhiteElo "1990"]
[BlackElo "1840"]
[Opening "Vienna game"]
[ECO "C28"]
[Time "21:00:35"]
[TimeControl "2700+45"]

1. e4 e5 2. Bc4 Nc6 3. Nc3 Nf6 4. d3 Bc5 5. f4 d6 6. Nf3 Bg4 7. Na4 O-O 8. Nxc5
dxc5 9. O-O Qd6 10. Qd2 Bxf3 11. gxf3 Nd4 12. fxe5 Qxe5 13. c3 Ne6 14. f4 Qh5
15. Qg2 c6 16. f5 Nc7 17. Bf4 Rac8 18. Rf3 Qh4 19. Bg5 {Black resigns} 1-0

[Event "Team 45 45 League T51"]
[Site "Internet Chess Club"]
[Date "2011.12.11"]
[Round "5"]
[White "alexdb"]
[Black "katikus"]
[Result "0-1"]
[WhiteElo "1866"]
[BlackElo "1823"]
[Opening "Caro-Kann: advance variation"]
[ECO "B12"]
[Time "13:13:45"]
[TimeControl "2700+45"]

1. e4 c6 2. d4 d5 3. e5 c5 4. dxc5 e6 5. Be3 Nh6 6. c3 Nd7 7. Qa4 Nf5 8. Bd4 Qc7
9. b4 Be7 10. Nf3 O-O 11. Bd3 f6 12. Bxf5 exf5 13. Qb3 Qc6 14. Nbd2 fxe5 15.
Nxe5 Nxe5 16. Bxe5 Re8 17. f4 b6 18. cxb6 Qxb6 19. Qxd5+ Be6 20. Qd4 Qa6 21. Qe3
Rad8 22. Qe2 Qb6 23. Nf3 Bd5 24. Rd1 Bf6 25. Rd4 Bxf3 26. Qxf3 Rxd4 27. cxd4
Qxd4 28. Qb3+ Kf8 {White resigns} 0-1

[Event "Team 45 45 League T51"]
[Site "Internet Chess Club"]
[Date "2011.12.10"]
[Round "5"]
[White "SugarIslander"]
[Black "otherook"]
[Result "0-1"]
[WhiteElo "1639"]
[BlackElo "1801"]
[Opening "Old Indian defense"]
[ECO "A42"]
[Time "15:03:55"]
[TimeControl "2700+45"]

1. d4 d6 2. c4 e5 3. e3 Be7 4. g3 c6 5. Bg2 Nf6 6. Ne2 O-O 7. O-O Bf5 8. Nbc3
Nbd7 9. e4 Bg6 10. f4 Bh5 11. Qc2 Bxe2 12. Qxe2 exd4 13. Nd1 Qb6 14. Nf2 a5 15.
Nd3 Nc5 16. b3 Nxd3 17. Qxd3 Rfe8 18. Bb2 c5 19. e5 Ng4 20. Bc1 dxe5 21. h3 Ne3
22. Bxe3 dxe3 23. Qxe3 exf4 24. Qxf4 Bf6 25. Rad1 Re7 26. Rd6 Qc7 27. Rxf6 gxf6
28. Qxf6 Ra6 29. Qf2 Rg6 30. g4 Qe5 31. Bd5 Qd4 32. Kg2 Qxf2+ 33. Rxf2 h5 34.
Kg3 hxg4 35. hxg4 Kg7 36. Rf3 Rf6 37. Rd3 Re2 38. a4 b6 39. Bf3 Re1 40. Kf2 Rfe6
41. Bd5 R6e2+ 42. Kf3 Re5 43. Kf2 f6 44. Bf3 Kh6 45. Rd6 Re6 46. Rd5 R1e5 47.
Rd8 Kg5 48. Rg8+ Kf4 49. Rf8 Re3 50. Bd5 Re2+ 51. Kg1 Kg3 52. Rxf6 Rxf6 {White
resigns} 0-1

[Event "Team 45 45 League T51"]
[Site "Internet Chess Club"]
[Date "2011.12.13"]
[Round "5"]
[White "Razorbackchess"]
[Black "rom1"]
[Result "0-1"]
[WhiteElo "1707"]
[BlackElo "1613"]
[Opening "Grünfeld: Spassky variation, main line, 10...cd, 11.cd"]
[ECO "D88"]
[Time "05:00:13"]
[TimeControl "2700+45"]

1. d4 Nf6 2. c4 g6 3. Nc3 d5 4. cxd5 Nxd5 5. e4 Nxc3 6. bxc3 Bg7 7. Bc4 c5 8.
Ne2 cxd4 9. cxd4 Nc6 10. Be3 O-O 11. O-O b6 12. Rc1 Bb7 13. Qd2 e6 14. f3 Na5
15. Bd3 Qd7 16. Rfd1 Rac8 17. Rxc8 Rxc8 18. Rc1 Rxc1+ 19. Qxc1 Qa4 20. Qc2 Qxc2
21. Bxc2 Nc4 22. Bf4 e5 23. dxe5 Bxe5 24. Bxe5 Nxe5 25. Nd4 Nc6 26. Nb5 Ba6 27.
Ba4 Bxb5 28. Bxb5 Nd4 29. Bc4 Kf8 30. Kf2 Ke7 31. Ke3 Nc2+ 32. Kd2 Na3 33. Bd3
Kd6 34. f4 Kc5 35. Kc3 b5 36. g4 b4+ 37. Kd2 Kd4 38. h4 Nc4+ 39. Ke2 a5 40. h5
Ne3 41. hxg6 hxg6 42. g5 Ng2 43. Bb5 Nxf4+ 44. Kf3 Ne6 45. Be8 Nxg5+ 46. Kg4 f6
47. Bxg6 Nxe4 48. Kf5 a4 49. Be8 Nd6+ {White resigns} 0-1